 Dungeon Crawl Stone Soup version 0.30.0-29-ga12c61a403 (webtiles) character file.

Game seed: 8965996930270378073

54 BoiledPickle the Cudgeller (level 3, -1/49 HPs)
             Began as a Minotaur Berserker on June 9, 2023.
             Was a Follower of Trog.
             Slain by an orc
             ... wielding a +0 trident
              (2 damage)
             ... on level 3 of the Dungeon.
             The game lasted 00:10:24 (2246 turns).

BoiledPickle the Cudgeller (Minotaur Berserker)     Turns: 2246, Time: 00:10:27

Health: -1/49      AC: 10    Str: 23    XL:     3   Next: 66%
Magic:  2/2        EV:  9    Int:  4    God:    Trog [*.....]
Gold:   89         SH:  0    Dex:  9    Spells: 2/2 levels left

rFire   . . .        y - +2 falchion (heavy)
rCold   . . .        (no shield)
rNeg    . . .        r - +0 chain mail
rPois   .            (helmet restricted)
rElec   .            q - +0 cloak
rCorr   .            (no gloves)
SInv    .            (no boots)
Will    .....        (no amulet) Stlth
                     (no ring)
HPRegen 0.28/turn    (no ring)
MPRegen 0.08/turn

%: no passive effects
@: berserking, very quick
A: horns 2, retaliatory headbutt
a: Renounce Religion, Berserk


You were on level 3 of the Dungeon.
You worshipped Trog.
Trog was aware of your devotion.
You visited 1 branch of the dungeon, and saw 3 of its levels.

You collected 89 gold pieces.

Inventory:

Hand Weapons
 a - a +0 mace
 h - a +0 mace
 s - a +0 flail
 y - a +2 heavy falchion (weapon)
Missiles
 u - 4 poisoned darts (quivered)
Armour
 b - a +0 animal skin
 q - a +0 cloak (worn)
 r - a +0 chain mail (worn)
 t - a +0 chain mail
 z - a +0 leather armour
 A - a +0 ring mail
 B - a +0 ring mail
 C - a +0 ring mail
Scrolls
 c - a scroll of blinking {unknown}
 e - 5 scrolls of identify {unknown}
 j - 2 scrolls of teleportation {unknown}
 n - a scroll of brand weapon {unknown}
 o - a scroll of enchant armour {unknown}
 p - a scroll of fog {unknown}
 w - a scroll of enchant weapon {unknown}
 x - a scroll of fear {unknown}
Potions
 f - 2 potions of lignification {unknown}
 g - a potion of might {unknown}
 i - 6 potions of curing {unknown}
 k - a potion of berserk rage {unknown}
 m - a potion of haste {unknown}
 v - a potion of heal wounds {unknown}


   Skills:
 + Level 4.2 Fighting
 + Level 4.4 Maces & Flails
 + Level 3.4 Armour
 + Level 2.3 Dodging
 + Level 0.1 Stealth


You had 2 spell levels left.
You didn't know any spells.
Your spell library was empty.

Dungeon Overview and Level Annotations

Branches:
Dungeon (3/15)

Altars:

Shops:
D:2 :


Innate Abilities, Weirdness & Mutations

You have a pair of horns on your head.
You reflexively headbutt those who attack you in melee.


Message History

An orc comes into view.
It is wielding a +1 short sword of flaming.
The orc shouts!
An orc comes into view. It is wielding a +0 trident.
An orc comes into view. It is wielding a +0 dagger.
Found a whip.
The orc closely misses you. The orc closely misses you.
Found an escape hatch in the floor.
The orc barely misses you.
You barely miss the orc. The orc hits you but does no damage. x3
The orc hits you with a +0 dagger.
The orc hits you from afar with a +0 trident.
The orc hits you but does no damage.
You barely miss the orc.
The orc hits you from afar with a +0 trident.
The orc closely misses you. The orc hits you but does no damage.
The orc hits you with a +1 short sword of flaming.
The orc burns you. The orc hits you but does no damage.
The orc hits you from afar with a +0 trident.
* * * LOW HITPOINT WARNING * * *
The orc closely misses you.
You fail to use your ability.
The orc misses you.
The orc hits you from afar with a +0 trident.
* * * LOW HITPOINT WARNING * * *
The orc closely misses you. You furiously retaliate!
You headbutt the orc!
You kill the orc!
Trog accepts your kill. The orc hits you with a +0 dagger.
* * * LOW HITPOINT WARNING * * *
Unknown command.
The orc attacks as you move away! The orc hits you with a +0 dagger.
* * * LOW HITPOINT WARNING * * *
The orc barely misses you. The orc hits you but does no damage.
Things that are here:
a +1 short sword of flaming; a +0 ring mail A red film seems to cover your vision as you go berserk!
You feel yourself moving faster!
You feel mighty! The orc hits you but does no damage.
The orc hits you from afar with a +0 trident.
* * * LOW HITPOINT WARNING * * *
The orc hits you from afar with a +0 trident.
You die...

>...........).# ..............#
..............###
..........[......
.................
.......oo<.......
................. .......o@....#
####.###....## ### #.....# #..
#.###.# ##.#. #.# ###.# .##
#.... #.# #...# ....#....
#.###.###......#....## ##
#######.##..###............##..
##..............................


You could see 3 orcs.

Vanquished Creatures
  An adder (D:3)
  2 worms
  A dart slug (D:2)
  10 orcs (D:3)
  2 ball pythons
  A bat (D:1)
  An endoplasm (D:1)
  A giant cockroach (D:3)
  2 hobgoblins
  A kobold (D:3)
  A quokka (D:2)
  A frilled lizard (D:3)
  2 rats
26 creatures vanquished.

Notes
Turn   | Place    | Note
-------+----------+-------------------------------------------
     0 | D:1      | BoiledPickle the Minotaur Berserker began the quest for the
                  | Orb.
     0 | D:1      | Reached XP level 1. HP: 19/19 MP: 0/0
  1068 | D:2      | Reached XP level 2. HP: 27/27 MP: 1/1
  1138 | D:2      | Found Fud Xod's Vocational Training.
  1950 | D:3      | Reached XP level 3. HP: 30/33 MP: 2/2
  2245 | D:3      | HP: 1/33 [orc/+0 dagger (1)]
  2246 | D:3      | Slain by an orc

Illustrated notes

Levels and vault maps discovered:
D:1:      erik_arrival_orb_chamber, layout_basic, chequers_serial_rivers_micro_d
D:2:      layout_basic, nicolae_shop_vocational
D:3:      layout_rooms

Skill      XL: |  1  2 |
---------------+-------+-----
Maces & Flails | 4 |  4.4
Armour         | 3 |  3.4
Fighting       | 4 |  4.2
Dodging        | |  2.3
Stealth        | |  0.1

Action                     || total
---------------------------++-------
  Melee: Mace              ||    57
         Headbutt          ||     5
         Punch             ||     1
         Falchion          ||     3
 Invoke: Berserk           ||     2
 Armour: Ring mail         ||     5
         Chain mail        ||    35
  Dodge: Dodged            ||    27
